 Dungeon Crawl Stone Soup version 0.24.0-123-gd5b16e6ec5 (webtiles) character file.

Game seed: 9239938131376455059, levelgen mode: deterministic

207318 PigIron the Bludgeoner (level 18, -8/157 HPs)
             Began as a Demonspawn Berserker on Jan 23, 2020.
             Was the Champion of Trog.
             Hit by a javelin thrown by a merfolk javelineer (10 damage)
             ... on level 2 of the Shoals on Jan 24, 2020.
             The game lasted 02:36:15 (28569 turns).

PigIron the Bludgeoner (Demonspawn Berserker)      Turns: 28569, Time: 02:36:16

Health: -8/157     AC: 20    Str: 34    XL:     18   Next: 9%
Magic:  0/24       EV: 15    Int: 11    God:    Trog [******]
Gold:   2107       SH:  3    Dex: 14    Spells: 17/17 levels left

rFire    . . .     SeeInvis .   a - +4 great mace "Fabos" {flame, rC+ MR++}
rCold    . . .     Gourm    .   (shield currently unavailable)
rNeg     + . .     Faith    .   K - +1 plate armour
rPois    .         Spirit   +   H - +2 hat {MR+}
rElec    +         Reflect  +   N - +2 cloak
rCorr    .         Harm     .   U - +2 pair of gloves
MR       ++++.                  (boots unavailable)
Stlth    ..........             p - +3 amulet of reflection
HPRegen  3.36/turn              S - ring of the Princeling {rElec rC- rN+ Str+7 Stlth+}
MPRegen  0.38/turn              q - +3 ring of strength

@: no status effects
A: hooves 3, repulsion field 2, blink, clever 1, deformed body, deterioration 1,
sense surroundings 1, powered by death 3, magic shield, magic regeneration,
magic link
}: 1/15 runes: serpentine
a: Blink, Berserk, Trog's Hand, Brothers in Arms, Renounce Religion


You were on level 2 of the Shoals.
You worshipped Trog.
Trog was exalted by your worship.
You were not hungry.

You visited 6 branches of the dungeon, and saw 30 of its levels.

You collected 2337 gold pieces.
You spent 230 gold pieces at shops.

Inventory:

Hand Weapons
 a - the +4 great mace "Fabos" (weapon) {flame, rC+ MR++}
   (Trog gifted it to you on level 11 of the Dungeon)

   It has been specially enchanted to burn those struck by it, causing extra
   injury to most foes and up to half again as much damage against particularly
   susceptible opponents.
   It protects you from cold.
   It affects your resistance to hostile enchantments.
 b - the +11 fustibalus of Beckeote {venom, *Contam rF+ Str+8 Int-2}
   (Trog gifted it to you on level 3 of the Lair of Beasts)

   It poisons the ammo it fires.
   It affects your strength (+8).
   It affects your intelligence (-2).
   It protects you from fire.
   It causes magical contamination when unequipped.
 e - a +2 antimagic demon whip
Missiles
 w - 323 sling bullets (quivered)
Armour
 H - a +2 hat of magic resistance (worn)
 K - a +1 plate armour (worn)
 N - a +2 cloak (worn)
 U - a +2 pair of gloves (worn)
Jewellery
 p - a +3 amulet of reflection (around neck)
 q - a +3 ring of strength (right hand)
 C - an uncursed ring of protection from fire
 J - an uncursed ring of poison resistance
 P - an uncursed ring of positive energy
 S - the ring of the Princeling (left hand) {rElec rC- rN+ Str+7 Stlth+}
   (You found it on level 1 of the Lair of Beasts)

   [ring of positive energy]

   It affects your strength (+7).
   It makes you vulnerable to cold.
   It insulates you from electricity.
   It protects you from negative energy.
   It makes you more stealthy.
 V - an uncursed amulet of guardian spirit {unknown}
Wands
 d - a wand of digging (16)
 m - a wand of flame (18)
 x - a wand of random effects (21)
 A - a wand of paralysis (27)
 G - a wand of disintegration (16)
 W - a wand of enslavement (9)
Scrolls
 h - 2 scrolls of enchant armour
 j - 3 scrolls of fog
 k - a scroll of torment
 u - 9 scrolls of remove curse
 v - 7 scrolls of identify
 y - 2 scrolls of enchant weapon
 B - 6 scrolls of magic mapping
 D - 3 scrolls of brand weapon
 E - a scroll of holy word
 L - 2 scrolls of teleportation
 M - 5 scrolls of blinking
 O - a scroll of fear
 Q - 3 scrolls of immolation
 T - a scroll of silence
Potions
 f - 7 potions of flight
 g - 5 potions of heal wounds
 i - 6 potions of brilliance
 l - 4 potions of berserk rage
 n - a potion of cancellation
 o - 2 potions of agility
 r - 2 potions of resistance
 s - 8 potions of might
 t - a potion of ambrosia {unknown}
 z - 6 potions of haste
 F - 6 potions of curing
 R - a potion of magic
Comestibles
 c - 38 rations


   Skills:
 + Level 18.1 Fighting
 - Level 20.0 Maces & Flails
 - Level 2.9 Slings
 + Level 12.6 Armour
 - Level 6.0 Dodging
 - Level 5.0 Stealth
   Level 2.8 Shields
 - Level 0.4 Spellcasting
 - Level 8.0 Evocations


You had 17 spell levels left.
You didn't know any spells.
Your spell library was empty.

Dungeon Overview and Level Annotations

Branches:
Dungeon (15/15)            Temple (1/1) D:5            Lair (6/6) D:8
 Shoals (2/4) Lair:3        Snake (4/4) Lair:4        Slime (0/5) Lair:6
    Orc (2/2) D:9             Elf (0/3) Orc:2        Vaults (0/5) D:13
 Depths (0/5) D:15

Altars:
Ashenzari
Cheibriados
Dithmenos
Elyvilon
Fedhas
Gozag
Hepliaklqana
Kikubaaqudgha
Makhleb
Nemelex Xobeh
Okawaru
Qazlal
Ru
Sif Muna
Trog
Uskayaw
Vehumet
Wu Jian
Xom
Yredelemnul
Zin
The Shining One

Shops:
D:11 }   D:15 (   Orc:2 ![((

Annotations:
Lair:3 exclusion: oklob plant
Lair:5 exclusion: oklob plant
Shoals:2 Polyphemus


Innate Abilities, Weirdness & Mutations

You have hooves in place of feet.
You are surrounded by a moderate repulsion field. (EV +3)
You regenerate a lot of health from kills.
When hurt, damage is shared between your health and your magic reserves.
You regenerate magic rapidly.
When low on magic, you restore magic in place of health.
You can translocate small distances at will.
Your mind is acute. (Int +2)
Armour fits poorly on your strangely shaped body.
Your body sometimes deteriorates upon taking damage.
You passively map a small area around you.


Message History

The merfolk javelineer throws a javelin.
The javelin pierces through you.
You hear a splash.
Polyphemus hits you! Polyphemus hits you but does no damage.
The merfolk javelineer throws a javelin.
The javelin pierces through you!
* * * LOW HITPOINT WARNING * * *
The faun splashes around in the water.
You thump Polyphemus! You burn Polyphemus. You kick Polyphemus.
Polyphemus is heavily wounded.
The merfolk javelineer throws a javelin.
The javelin pierces through you but does no damage.
You hear a splash.
Polyphemus hits you!!
* * * LOW HITPOINT WARNING * * *
Polyphemus hits you!!
* * * LOW HITPOINT WARNING * * *
The merfolk javelineer throws a javelin.
The javelin pierces through you!
You die...

* ≈≈≈≈≈≈≈≈≈≈≈≈≈≈≈
≈ ≈m≈≈≈≈≈≈≈≈≈≈≈≈≈
≈≈≈≈≈≈≈(≈≈(≈≈≈≈ ≈
≈≈≈≈m≈≈≈≈≈≈≈≈≈≈
≈≈≈≈≈≈≈≈≈≈≈≈≈≈≈ ≈
.≈≈≈≈≈≈≈≈≈≈≈≈≈≈≈
,
.#.....>.<≈≈≈≈≈≈≈
.$.....t#((≈≈≈≈≈≈
.........@≈(≈≈≈≈≈
.....≈≈≈Cc≈≈≈≈≈≈≈
......≈≈≈≈≈(≈≈≈≈≈
*
......≈≈≈≈≈≈≈≈≈≈≈
,,
.##..<≈≈≈≈≈≈≈≈≈ ,
##.≈≈≈≈≈≈≈≈≈≈ ≈
..≈≈≈≈≈≈≈≈≈≈≈
....≈≈≈≈≈≈≈≈≈≈≈
,,
..(.....≈≈≈≈≈≈≈


You could see Polyphemus, 2 merfolk javelineers, a snapping turtle and a faun.

Vanquished Creatures
  Rupert (D:15)
  Gastronok (D:9)
  10 nagarajas
  An ironheart preserver (D:13)
  Snorg (D:13)
  A fire dragon (Lair:6)
  Josephine (D:15)
  4 merfolk impalers (Shoals:1)
  26 naga warriors
  Fannar (D:10)
  A yaktaur captain (D:15)
  The ghost of Odod the Lord of Darkness, a journeyman HuNe of Kikubaaqudgha (Lair:1)
  10 hydras
  Harold (D:9)
  The ghost of Poschase the Slicer, a journeyman DsAs of Wu Jian (Lair:1)
  2 ogre magi (Orc:2)
  5 centaur warriors
  A catoblepas (Shoals:2)
  14 two-headed ogres
  8 anacondas
  The ghost of Xume the Basher, a journeyman GrFi of Okawaru (D:11)
  8 death yaks
  16 naga sharpshooters
  17 shock serpents
  Sonja (Lair:2)
  A fire crab (Lair:6)
  A salamander mystic (Snake:4)
  3 sea snakes (Shoals:1)
  3 unseen horrors
  3 skeletal warriors (D:15)
  2 deep trolls (Orc:2)
  A wizard (D:15)
  A lindwurm (Lair:5)
  A wolf spider zombie (D:14)
  An orc knight (Orc:2)
  6 naga ritualists
  17 ugly things
  An orc sorcerer (Orc:2)
  The ghost of trianova the Chiller, a novice NaIE (D:5)
  6 mana vipers
  3 cyclopes
  2 salamanders
  An oklob plant (Shoals:1)
  A deep elf mage (D:12)
  3 manticores (Shoals:1)
  3 fauns (Shoals:1)
  5 guardian serpents
  Maurice (D:12)
  46 black mambas
  A merfolk siren (Lair:3)
  2 molten gargoyles (Lair:6)
  18 naga magi
  A water nymph (Shoals:1)
  9 spiny frogs
  An efreet (D:14)
  2 rime drakes
  14 komodo dragons
  A freezing wraith (D:15)
  A kobold demonologist (D:12)
  A yaktaur (D:15)
  6 merfolk (Shoals:1)
  A polar bear (shapeshifter) (D:15)
  7 trolls (Orc:2)
  2 hornets
  13 dream sheep
  A meliai zombie (D:11)
  7 slime creatures
  6 snapping turtles (Shoals:1)
  12 hippogriffs
  12 blink frogs
  The ghost of vurker the Gusty, an amateur TeAE (D:4)
  6 spriggans (D:8)
  10 wyverns
  7 wraiths
  30 yaks
  3 steam dragons
  7 basilisks
  2 vampire mosquitoes
  3 hungry ghosts
  3 wargs
  66 nagas
  4 hell hounds (Lair:6)
  A soldier ant (D:14)
  30 water moccasins
  13 orc warriors
  12 porcupines
  2 ice beasts
  4 black bears
  A hornet zombie (D:12)
  A sky beast (D:10)
  2 eyes of draining (D:9)
  4 boggarts
  27 ogres
  2 phantoms
  16 centaurs
  8 wolves
  10 crocodiles
  Blork the orc (D:6)
  14 bullfrogs
  5 big kobolds
  2 gnoll sergeants
  A wyvern zombie (D:11)
  5 scorpions
  9 killer bees
  A wight (D:4)
  A howler monkey (D:6)
  4 electric eels
  8 crimson imps
  3 centaur zombies
  2 bullfrog zombies
  3 lava snakes (Lair:6)
  4 hounds
  8 jellies
  2 bullfrog skeletons
  14 orc wizards
  8 centaur skeletons
  6 iguanas
  16 orc priests
  10 worker ants
  2 hound zombies
  A hound skeleton (D:8)
  3 worker ant zombies
  10 gnolls
  28 adders
  4 shadow imps
  An ooze (D:4)
  An adder skeleton (D:2)
  2 worms
  2 dart slugs (D:2)
  3 leopard geckos
  70 orcs
  3 ball pythons
  4 giant cockroaches
  14 goblins
  16 hobgoblins
  12 jackals
  6 quokkas
  9 bats
  6 frilled lizards
  2 jackal zombies (D:7)
  33 kobolds
  A leopard gecko zombie (D:4)
  A quokka skeleton (D:4)
  A quokka zombie (D:9)
  9 rats
  A fungus (Lair:5)
  A plant (Shoals:1)
1013 creatures vanquished.

Vanquished Creatures (collateral kills)
  4 nagarajas (Snake:4)
  An anaconda (Snake:3)
  3 naga sharpshooters
  2 slime creatures (D:12)
  A naga mage (Snake:4)
  A guardian serpent (Snake:4)
  7 nagas
19 creatures vanquished.

Vanquished Creatures (others)
  A deep elf mage (D:15)
  A centaur (D:13)
  A kobold (D:13)
  16 fungi
  4 plants
  6 withered plants
29 creatures vanquished.

Grand Total: 1061 creatures vanquished

Notes
Turn   | Place    | Note
-------+----------+-------------------------------------------
     0 | D:1      | PigIron the Demonspawn Berserker began the quest for the
                  | Orb.
     0 | D:1      | Reached XP level 1. HP: 18/18 MP: 1/1
   136 | D:1      | Reached skill level 3 in Maces & Flails
   154 | D:1      | Gained mutation: You regenerate a little health from kills.
                  | [demonic ancestry]
   154 | D:1      | Reached XP level 2. HP: 20/24 MP: 2/2
   611 | D:1      | Reached ** piety under Trog
   611 | D:1      | Gained mutation: You regenerate health from kills. [demonic
                  | ancestry]
   611 | D:1      | Reached XP level 3. HP: 28/29 MP: 3/3
   812 | D:2      | Reached skill level 4 in Maces & Flails
  1224 | D:2      | Gained mutation: You have large cloven feet. [demonic
                  | ancestry]
  1224 | D:2      | Reached XP level 4. HP: 35/35 MP: 4/4
  1697 | D:3      | Reached *** piety under Trog
  1820 | D:3      | Reached skill level 5 in Maces & Flails
  2007 | D:3      | Found a shimmering blue altar of Sif Muna.
  2050 | D:3      | Reached XP level 5. HP: 39/41 MP: 5/5
  3036 | D:4      | Reached skill level 6 in Maces & Flails
  3169 | D:4      | Found an opulent altar of Gozag.
  3185 | D:4      | Found a transporter.
  3380 | D:4      | Found a transporter.
  3380 | D:4      | Noticed vurker's ghost (amateur TeAE)
  3610 | D:4      | Got a faintly glowing fustibalus
  3612 | D:4      | Identified the +10 fustibalus "Leryggo" {venom, Str+2} (You
                  | found it on level 4 of the Dungeon)
  3714 | D:5      | Entered Level 5 of the Dungeon
  3714 | D:5      | Noticed a centaur
  3724 | D:5      | Killed a centaur
  3724 | D:5      | Gained mutation: When hurt, damage is shared between your
                  | health and your magic reserves. [demonic ancestry]
  3724 | D:5      | Reached XP level 6. HP: 47/47 MP: 6/6
  3749 | D:5      | Reached skill level 7 in Maces & Flails
  3775 | D:5      | Found a staircase to the Ecumenical Temple.
  3782 | Temple   | Entered the Ecumenical Temple
  4066 | D:5      | Gained mutation: You regenerate magic rapidly. [demonic
                  | ancestry]
  4066 | D:5      | Reached XP level 7. HP: 38/52 MP: 5/7
  4500 | D:5      | Got a scintillating pewter ring
  4530 | D:5      | Found a runed translucent gate.
  4531 | D:5      | Found a runed translucent gate.
  4531 | D:5      | Noticed trianova's ghost (novice NaIE)
  4532 | D:5      | Found a runed translucent gate.
  4532 | D:5      | Identified the +8 whip of Ancient Evil {drain, rC+++ rN+
                  | Str+2 Dex-5}
  4697 | D:5      | Reached skill level 8 in Maces & Flails
  4890 | D:6      | Reached **** piety under Trog
  4940 | D:6      | Noticed Blork the orc
  4951 | D:6      | Killed Blork the orc
  5139 | D:6      | Reached skill level 9 in Maces & Flails
  5139 | D:6      | Gained mutation: You have hoof-like feet. [demonic
                  | ancestry]
  5139 | D:6      | Reached XP level 8. HP: 51/58 MP: 8/8
  5749 | D:7      | Found a stormy altar of Qazlal.
  6067 | D:4      | Killed vurker's ghost
  6067 | D:4      | Reached skill level 10 in Maces & Flails
  6230 | D:5      | Killed trianova's ghost
  6230 | D:5      | Gained mutation: You are surrounded by a mild repulsion
                  | field. (EV +2) [demonic ancestry]
  6230 | D:5      | Reached XP level 9. HP: 67/67 MP: 9/9
  6338 | D:8      | Reached skill level 5 in Fighting
  6340 | D:8      | Reached ***** piety under Trog
  6455 | D:8      | Noticed a two-headed ogre
  6485 | D:8      | Killed a two-headed ogre
  6485 | D:8      | Reached skill level 11 in Maces & Flails
  6508 | D:8      | Found an iron altar of Okawaru.
  6544 | D:8      | Found a snail-covered altar of Cheibriados.
  6637 | D:8      | Found a staircase to the Lair.
  6678 | D:8      | Reached skill level 5 in Armour
  6820 | D:8      | Gained mutation: You regenerate a lot of health from kills.
                  | [demonic ancestry]
  6820 | D:8      | Reached XP level 10. HP: 65/76 MP: 8/10
  6864 | D:8      | Identified the cursed ring "Vecwoyc" {rC+ Str+3 Int-3
                  | Dex-2} (You found it on level 5 of the Dungeon)
  7126 | D:9      | Noticed Harold
  7139 | D:9      | Killed Harold
  7139 | D:9      | Reached skill level 12 in Maces & Flails
  7205 | D:9      | Noticed a two-headed ogre
  7210 | D:9      | Killed a two-headed ogre
  7257 | D:9      | Found a staircase to the Orcish Mines.
  7405 | D:9      | Noticed Gastronok
  7423 | D:9      | Killed Gastronok
  7423 | D:9      | Reached skill level 13 in Maces & Flails
  7423 | D:9      | Reached XP level 11. HP: 86/86 MP: 11/11
  7672 | D:9      | Found a burning altar of Makhleb.
  7674 | D:9      | Found a bloodstained altar of Trog.
  7678 | D:9      | Found a shattered altar of Ashenzari.
  7858 | D:10     | Entered Level 10 of the Dungeon
  8006 | D:10     | Noticed a two-headed ogre
  8013 | D:10     | Killed a two-headed ogre
  8013 | D:10     | Reached skill level 1 in Stealth
  8139 | D:10     | Noticed Fannar
  8155 | D:10     | Killed Fannar
  8155 | D:10     | Reached skill level 1 in Slings
  8155 | D:10     | Reached skill level 1 in Shields
  8261 | D:10     | Received a gift from Trog
  8716 | D:11     | Found Joucypp's Gadget Boutique.
  8728 | D:11     | Noticed a two-headed ogre
  8738 | D:11     | Killed a two-headed ogre
  8738 | D:11     | Reached ****** piety under Trog
  8806 | D:11     | Noticed a centaur warrior
  8813 | D:11     | Killed a centaur warrior
  9011 | D:11     | Received a gift from Trog
  9015 | D:11     | Got a brightly glowing great mace {god gift}
  9022 | D:11     | Noticed a two-headed ogre
  9041 | D:11     | Killed a two-headed ogre
  9073 | D:11     | Identified the +4 great mace "Fabos" {flame, rC+ MR++}
                  | (Trog gifted it to you on level 11 of the Dungeon)
  9122 | D:11     | Killed an unseen horror
  9282 | D:11     | Found a runed translucent door.
  9326 | D:11     | Noticed Xume's ghost (journeyman GrFi)
  9472 | D:11     | Gained mutation: You are surrounded by a moderate repulsion
                  | field. (EV +3) [demonic ancestry]
  9472 | D:11     | Reached XP level 12. HP: 91/95 MP: 9/12
  9750 | D:11     | Killed Xume's ghost
  9794 | D:12     | Noticed Maurice
  9808 | D:12     | Killed Maurice
 10830 | D:12     | Reached skill level 5 in Stealth
 10866 | D:13     | Received a gift from Trog
 10984 | D:13     | Reached skill level 10 in Fighting
 11003 | D:13     | Noticed Snorg
 11011 | D:13     | Killed Snorg
 11011 | D:13     | Reached skill level 1 in Evocations
 11097 | D:13     | Reached skill level 14 in Maces & Flails
 11224 | D:13     | Noticed a centaur warrior
 11245 | D:13     | Killed a centaur warrior
 11416 | D:13     | Found a gate to the Vaults.
 11416 | D:13     | Noticed an ironheart preserver
 11425 | D:13     | Killed an ironheart preserver
 11425 | D:13     | Reached XP level 13. HP: 104/104 MP: 11/16
 12355 | D:14     | Reached skill level 5 in Evocations
 12411 | D:15     | Entered Level 15 of the Dungeon
 12460 | D:15     | Noticed Josephine
 12987 | D:15     | Noticed Rupert
 13014 | D:15     | Killed Rupert
 13274 | D:15     | Reached skill level 15 in Maces & Flails
 13397 | D:15     | Found Ruyrocapp's Weapon Emporium.
 13698 | D:15     | Killed Josephine
 13893 | D:15     | Found a staircase to the Depths.
 13899 | D:15     | Reached XP level 14. HP: 77/116 MP: 12/17
 14507 | Lair:1   | Entered Level 1 of the Lair of Beasts
 14523 | Lair:1   | Received a gift from Trog
 14864 | Lair:1   | Found a runed translucent gate.
 14867 | Lair:1   | Found a runed translucent gate.
 14867 | Lair:1   | Found a runed translucent gate.
 14868 | Lair:1   | Noticed Odod's ghost (journeyman HuNe)
 14868 | Lair:1   | Noticed Poschase's ghost (journeyman DsAs)
 14918 | Lair:1   | Found a dark tunnel.
 14971 | Lair:1   | Found a shimmering altar of Xom.
 15445 | Lair:1   | Killed Poschase's ghost
 15448 | Lair:1   | Killed Odod's ghost
 15487 | Lair:1   | Got a pitted lead ring
 15514 | Lair:1   | Identified the ring of the Princeling {rElec rC- rN+ Str+7
                  | Stlth+} (You found it on level 1 of the Lair of Beasts)
 15596 | Lair:2   | Noticed Sonja
 15608 | Lair:2   | Killed Sonja
 15608 | Lair:2   | Reached skill level 16 in Maces & Flails
 16781 | Lair:3   | Received a gift from Trog
 16802 | Lair:3   | Got a polished fustibalus {god gift}
 16803 | Lair:3   | Identified the +11 fustibalus of Beckeote {venom, *Contam
                  | rF+ Str+8 Int-2} (Trog gifted it to you on level 3 of the
                  | Lair of Beasts)
 16848 | Lair:3   | Found a staircase to the Shoals.
 16863 | Lair:3   | Gained mutation: Your body sometimes deteriorates upon
                  | taking damage. [mutagenic glow]
 17185 | Lair:3   | Reached skill level 17 in Maces & Flails
 17772 | Lair:4   | Found a staircase to the Snake Pit.
 19076 | Lair:5   | Reached skill level 18 in Maces & Flails
 19080 | Lair:5   | Received a gift from Trog
 19089 | Lair:5   | Gained mutation: You have hooves in place of feet. [demonic
                  | ancestry]
 19089 | Lair:5   | Reached XP level 15. HP: 126/126 MP: 15/18
 19428 | Lair:6   | Entered Level 6 of the Lair of Beasts
 19511 | Lair:6   | Received a gift from Trog
 19615 | Lair:6   | Found a staircase to the Slime Pits.
 19655 | Lair:6   | Reached skill level 19 in Maces & Flails
 19892 | Lair:6   | Found a large runed translucent door.
 19892 | Lair:6   | Found a large runed translucent door.
 20433 | Lair:6   | Reached skill level 15 in Fighting
 20480 | Lair:6   | Identified a scroll of acquirement
 20539 | Lair:6   | Got a distressingly furry buckler
 20546 | Lair:6   | Identified the -1 buckler of the Abyss {+Fly} (You acquired
                  | it on level 6 of the Lair of Beasts)
 20553 | Lair:6   | Lost mutation: Your body sometimes deteriorates upon taking
                  | damage. [potion of mutation]
 20553 | Lair:6   | Gained mutation: Your body sometimes deteriorates upon
                  | taking damage. [potion of mutation]
 20553 | Lair:6   | Gained mutation: You passively map a small area around you.
                  | [potion of mutation]
 20553 | Lair:6   | Gained mutation: Your mind is acute. (Int +2) [potion of
                  | mutation]
 20553 | Lair:6   | Gained mutation: You can translocate small distances at
                  | will. [potion of mutation]
 20766 | Orc:1    | Entered Level 1 of the Orcish Mines
 20810 | Orc:1    | Received a gift from Trog
 20982 | Orc:2    | Entered Level 2 of the Orcish Mines
 21121 | Orc:2    | Found a staircase to the Elven Halls.
 21299 | Orc:2    | Received a gift from Trog
 21327 | Orc:2    | Reached skill level 20 in Maces & Flails
 21352 | Orc:2    | Found Reiwk's Weapon Shop.
 21352 | Orc:2    | Found Kumoafu's Distillery.
 21353 | Orc:2    | Found Jiatacw's Antique Weapon Emporium.
 21355 | Orc:2    | Bought a potion of might for 40 gold pieces
 21355 | Orc:2    | Bought a potion of might for 40 gold pieces
 21355 | Orc:2    | Bought 2 potions of heal wounds for 100 gold pieces
 21355 | Orc:2    | Bought a potion of heal wounds for 50 gold pieces
 21376 | Orc:2    | Found Suawn's Armour Shop.
 21843 | Snake:1  | Entered Level 1 of the Snake Pit
 21863 | Lair:4   | HP: 4/129 [shock serpent/bolt of electricity (5)]
 22373 | Lair:4   | Reached XP level 16. HP: 89/136 MP: 15/20
 23418 | Snake:2  | Found Ytuycul's Jewellery Shoppe.
 23423 | Snake:2  | Received a gift from Trog
 23896 | Snake:3  | Reached skill level 5 in Dodging
 24418 | Snake:4  | Entered Level 4 of the Snake Pit
 24467 | Snake:4  | Received a gift from Trog
 24660 | Snake:4  | Reached skill level 10 in Armour
 24660 | Snake:4  | Reached XP level 17. HP: 139/145 MP: 21/23
 25276 | Snake:4  | Received a gift from Trog
 25630 | Snake:4  | Got a serpentine rune of Zot
 26204 | Snake:4  | Received a gift from Trog
 26703 | Shoals:1 | Entered Level 1 of the Shoals
 26812 | Shoals:1 | Found a basalt altar of Yredelemnul.
 27101 | Shoals:1 | Gained mutation: Armour fits poorly on your strangely
                  | shaped body. [mutagenic glow]
 27539 | Shoals:1 | Gained mutation: When low on magic, you restore magic in
                  | place of health. [demonic ancestry]
 27539 | Shoals:1 | Reached XP level 18. HP: 139/156 MP: 24/24
 28215 | Shoals:2 | Noticed Polyphemus
 28569 | Shoals:2 | HP: 2/157 [Polyphemus (14)]
 28569 | Shoals:2 | Hit by a javelin thrown by a merfolk javelineer

Levels and vault maps discovered:
D:1:      minmay_arrival_wavy_path, layout_rooms
D:2:      minmay_thinvault, layout_basic
D:3:      layout_basic, first_ration, led_sif_pool
D:4:      layout_loops_ring, lemuel_crystal_altar, gammafunk_ghost_mausoleum
D:5:      corexii_shack_village, layout_loops_ring, minmay_temple_entry_tees,
          gammafunk_ghost_nasty_kobolds
D:6:      layout_basic, uniq_blork_the_orc
D:7:      layout_rooms, lemuel_doored_altar, grunt_ogre_cave
D:8:      kb_forest_paths, layout_basic, slow_altar_2, okawaru_metal_pillars_1_2
D:9:      layout_cave_pools, minmay_overflow_temple_star_quad, orc_0_dummy,
          uniq_gastronok, uniq_harold
D:10:     layout_roguey, uniq_fannar
D:11:     layout_basic, gammafunk_ghost_grave, serial_shops, shop,
          minmay_misc_feat_encased
D:12:     layout_cross, uniq_maurice
D:13:     layout_rooms, skrybe_vaults_entry_preservation, uniq_snorg
D:14:     layout_basic, kennysheep_pointless_box
D:15:     grunt_enter_depths_snipers, layout_loops_ring,
          minmay_misc_feat_plants, serial_shops, nicolae_shop_behind_doors,
          minmay_strange_pillars, uniq_rupert, uniq_josephine
Temple:   regret_index_temple_sphere_string
Lair:1:   layout_loops_ring, gammafunk_ghost_cemetery,
          nicolae_volcano_entry_lava_flow, basic_altar, minmay_shattered_shrine,
          infiniplex_staircase_pool, lemuel_fruit_tree, serial_bayou_shore_b
Lair:2:   layout_loops_ring, grunt_megastairs_3, lemuel_fruit_fields, uniq_sonja
Lair:3:   lemuel_reptile_caves, layout_cave_pods,
          minmay_shoals_entry_lonely_mermaid, serial_bayou_ford_a, minivault_24,
          st_stairs_13, minmay_lair_oklob_chamber
Lair:4:   layout_cave_pods, minmay_snake_entry_guardpost_large
Lair:5:   layout_gridlike, gauntlet_entry_generic, nicolae_quartered_pool_super,
          chequers_serial_rivers_small_a, cheibrodos_lair_reptile_den
Lair:6:   cheibrodos_lair_end_hotspot, layout_misc_corridors,
          minmay_slime_entry_pillars, chequers_serial_rivers_small_b
Shoals:1: layout_shoals, lemuel_oklob_altar
Shoals:2: layout_shoals, nicolae_island_escapes, uniq_polyphemus, uniq_ilsuiw,
          uniq_frances
Snake:1:  layout_rooms
Snake:2:  layout_misc_corridors, minmay_shop_enchanted_jewellery,
          grunt_megastairs_5
Snake:3:  layout_cave_shapes, nrook_loot_triangle, st_stairs_11
Snake:4:  grunt_snake_rune_spirals, layout_onion_interference
Orc:1:    layout_caves, serial_shops
Orc:2:    st_orc_open, layout_caves, lightli_orcish_oven

Skill      XL: |  1  2  3  4  5  6  7  8  9 10 11 12 13 14 15 16 17 18 |
---------------+-------------------------------------------------------+-----
Maces & Flails | 3 4 5 6 7 9 10 11 13 14 15 18 20 | 20.0
Armour         | 3 5 6 7 8 10 12 | 12.6
Fighting       | 4 6 8 9 10 12 14 15 16 17 18 | 18.1
Stealth        | 3 5 |  5.0
Slings         | 2 |  2.9
Shields        | 2 |  2.8
Evocations     | 4 5 8 |  8.0
Dodging        | 2 6 |  6.0
Spellcasting   | |  0.4

Action                   |  1- 3 |  4- 6 |  7- 9 | 10-12 | 13-15 | 16-18 || total
-------------------------+-------+-------+-------+-------+-------+-------++-------
Melee: Mace              |   160 |   161 |       |       |       |       ||   321
       Kick              |       |    47 |    75 |   162 |   387 |   351 ||  1022
       Flail             |       |    11 |   182 |       |       |       ||   193
       Whip              |       |       |    85 |   286 |       |       ||   371
       Great mace        |       |       |       |   246 |  1064 |   868 ||  2178
 Fire: Fustibalus        |       |       |     2 |       |     1 |     7 ||    10
Invok: Berserk           |     3 |     2 |     5 |     7 |    10 |     3 ||    30
       Brothers in Arms  |       |       |       |     1 |     1 |     5 ||     7
       Trog's Hand       |       |       |       |     1 |       |       ||     1
  Use: Scroll            |     3 |     6 |       |     6 |    21 |     2 ||    38
       Potion            |       |       |       |       |     6 |     3 ||     9
 Stab: Distracted        |       |     1 |       |       |       |     1 ||     2
  Eat: Chunk             |     4 |     7 |    11 |    16 |    23 |     7 ||    68
       Ration            |       |     1 |     1 |     2 |     7 |     6 ||    17
Armor: Scale mail        |   101 |    79 |    83 |    44 |       |       ||   307
       Animal skin       |     1 |       |       |       |       |       ||     1
       Plate armour      |       |       |       |   360 |   634 |   438 ||  1432
Dodge: Dodged            |   129 |    85 |   119 |   309 |   601 |   471 ||  1714
Block: Other             |       |    19 |    25 |    73 |   135 |    82 ||   334
       Reflection        |       |     3 |     4 |    11 |     5 |     7 ||    30
       Buckler           |       |       |       |    31 |       |       ||    31
